 Dungeon Crawl Stone Soup version 0.24.0-13-gcf9b319 (webtiles) character file.

Game seed: 18297751329639327113, levelgen mode: deterministic

1484 Fang the Skirmisher (level 8, -1/78 HPs)
             Began as a Gargoyle Berserker on Dec 3, 2019.
             Was a Priest of Trog.
             Slain by a two-headed ogre
             ... wielding the +9 great mace of Focus {crush, rF+ Int+3}
              (8 damage)
             ... on level 6 of the Dungeon.
             The game lasted 00:05:05 (4856 turns).

Fang the Skirmisher (Gargoyle Berserker)            Turns: 4856, Time: 00:05:06

Health: -1/78      AC: 20    Str: 40    XL:     8   Next: 79%
Magic:  8/8        EV: 10    Int:  8    God:    Trog [***...]
Gold:   195        SH:  3    Dex:  8    Spells: 7/7 levels left

rFire    . . .     SeeInvis .   a - +0 hand axe
rCold    . . .     Gourm    .   A - +0 buckler "Onampal" {MR- Str+6 Dex+2} (curse)
rNeg     + . .     Faith    .   b - +0 plate armour
rPois    ∞         Spirit   .   u - +2 hat
rElec    +         Reflect  .   (no cloak)
rCorr    .         Harm     .   (no gloves)
MR       .....                  (no boots)
Stlth    ..........             (no amulet)
HPRegen  0.23/turn              i - -3 ring of dexterity (curse)
MPRegen  0.11/turn              y - +6 ring of strength

@: berserking, very quick
A: negative energy resistance 1, electricity resistance, unbreathing,
petrification resistance, rot immunity, AC +5
a: Berserk, Trog's Hand, Renounce Religion


You were on level 6 of the Dungeon.
You worshipped Trog.
Trog was most pleased with you.
You were very hungry.

You visited 2 branches of the dungeon, and saw 7 of its levels.

You collected 195 gold pieces.

Inventory:

Hand Weapons
 a - a +0 hand axe (weapon)
Armour
 b - a +0 plate armour (worn)
 u - a +2 hat (worn)
 A - the cursed +0 buckler "Onampal" (worn) {MR- Str+6 Dex+2}
   (You found it on level 5 of the Dungeon)

   It affects your strength (+6).
   It affects your dexterity (+2).
   It affects your resistance to hostile enchantments.
   It has a curse placed upon it.
Jewellery
 i - a cursed -3 ring of dexterity (left hand)
 y - a +6 ring of strength (right hand)
 C - an uncursed ring of resist corrosion {unknown}
 F - an uncursed ring of fire
Wands
 q - a wand of iceblast (6)
 r - a wand of scattershot (11)
 z - a wand of random effects (21)
 E - a wand of flame (15)
Scrolls
 f - 5 scrolls of remove curse {unknown}
 g - 7 scrolls of teleportation {unknown}
 h - 15 scrolls of identify {unknown}
 m - a scroll of noise {unknown}
 p - 2 scrolls of enchant armour {unknown}
 t - a scroll of amnesia {unknown}
 v - a scroll of random uselessness {unknown}
 B - a scroll of blinking {unknown}
 G - a scroll of immolation {unknown}
Potions
 d - a potion of haste
 e - 2 potions of flight {unknown}
 j - 2 potions of ambrosia {unknown}
 k - a potion of brilliance {unknown}
 l - 3 potions of curing {unknown}
 n - a potion of berserk rage {unknown}
 o - 2 potions of might
 s - a potion of magic {unknown}
 x - a potion of mutation {unknown}
 D - a potion of degeneration {unknown}
Comestibles
 c - 8 rations


   Skills:
 + Level 6.5 Fighting
 + Level 5.4 Axes
 + Level 6.0 Armour
 + Level 4.5 Dodging
 + Level 2.2 Shields


You had 7 spell levels left.
You didn't know any spells.
Your spell library was empty.

Dungeon Overview and Level Annotations

Branches:
Dungeon (6/15)             Temple (1/1) D:6

Altars:
Elyvilon
Ru
Wu Jian
The Shining One

Shops:
D:4 *   D:6 :

Annotations:
D:6 wahemi82's ghost, amateur MiFi


Innate Abilities, Weirdness & Mutations

You are resistant to torment.
Your stone body is resilient. (AC +5)
You are immune to poison.
You resist negative energy. (rN+)
You are resistant to electric shocks. (rElec)
You can survive without breathing.
You are immune to petrification.
You are immune to rotting.


Message History

You slice the two-headed ogre!!
The two-headed ogre is moderately wounded.
The two-headed ogre hits you but does no damage.
The two-headed ogre hits you with a +3 great mace!
You slash the two-headed ogre!
The two-headed ogre is heavily wounded.
You are too injured to fight recklessly!
You slash the two-headed ogre!
The two-headed ogre is almost dead.
The two-headed ogre hits you with the +9 great mace of Focus {crush, rF+ Int+3}!
* * * LOW HITPOINT WARNING * * *
x2 You block the two-headed ogre's attack.
You are too injured to fight recklessly!
You are feeling very hungry.
You barely miss the two-headed ogre.
The two-headed ogre is almost dead.
You closely miss the two-headed ogre.
The two-headed ogre is almost dead.
The two-headed ogre hits you with the +9 great mace of Focus {crush, rF+ Int+3}!
You die...

..##.....##
#.#.######## #>#
.###.#.#########.#
########.#
........#O....©#.#
#.........
####.#.##.#..#.#.#
#...####..
#....#..##O.#.#
#.>.# ##..
###.##..##.O#.##
#...# #...
####...##.#..#?#©.##
#.### #.#.
..##...##©....O#O..#
#.# #.#.
#(##...##.#..#W#@..#
#.# #.#.
#.###.###..##..#...#
#.# #.#. #.###.#
#..##..#..##
#.#####.#. ...##.#
#.#[.#.#..###
#......... #..##.#
#......#....#
#######.## ..[...#
########.##.# #.#
#...### #####.# #)#
....# #.# #.#
###.########### #.#
#.#


You could see a two-headed ogre, 3 ogres and wahemi82's ghost.

Vanquished Creatures
  Grinder (D:3)
  Sigmund (D:3)
  Eustachio (D:6)
  A necrophage (D:5)
  2 centaurs
  A scorpion (D:5)
  3 crimson imps
  A quasit (D:6)
  A bullfrog skeleton (D:5)
  2 hounds
  A centaur skeleton (D:5)
  A jelly (D:6)
  2 orc wizards (D:6)
  Terence (D:3)
  Ijyb (D:3)
  4 iguanas
  2 worker ants
  6 gnolls
  5 adders
  An adder skeleton (D:4)
  3 worms
  4 dart slugs (D:1)
  4 leopard geckos
  An orc (D:6)
  6 giant cockroaches
  3 goblins (D:1)
  7 hobgoblins
  7 jackals
  13 kobolds
  A ball python (D:4)
  5 bats (D:1)
  4 frilled lizards
  A quokka skeleton (D:4)
  6 rats
103 creatures vanquished.

Notes
Turn   | Place    | Note
-------+----------+-------------------------------------------
     0 | D:1      | Fang the Gargoyle Berserker began the quest for the Orb.
     0 | D:1      | Reached XP level 1. HP: 14/14 MP: 1/1
   100 | D:1      | Reached XP level 2. HP: 17/19 MP: 2/2
   573 | D:1      | Reached XP level 3. HP: 22/23 MP: 3/3
   867 | D:1      | Reached ** piety under Trog
  1272 | D:2      | Reached XP level 4. HP: 19/29 MP: 4/4
  1653 | D:3      | Noticed Ijyb
  1662 | D:3      | Killed Ijyb
  1850 | D:3      | Noticed Sigmund
  1857 | D:3      | Killed Sigmund
  1857 | D:3      | Reached XP level 5. HP: 34/34 MP: 5/5
  1857 | D:3      | Reached XP level 6. HP: 39/39 MP: 6/6
  2111 | D:3      | Noticed Grinder
  2131 | D:3      | Paralysed by Grinder for 5 turns
  2179 | D:3      | Paralysed by Grinder for 5 turns
  2193 | D:3      | Paralysed by Grinder for 7 turns
  2205 | D:3      | Killed Grinder
  2205 | D:3      | Reached skill level 5 in Fighting
  2205 | D:3      | Reached XP level 7. HP: 31/44 MP: 7/7
  2320 | D:3      | Noticed Terence
  2347 | D:3      | Killed Terence
  3042 | D:4      | Found Ottessuc's Assorted Antiques.
  3355 | D:5      | Entered Level 5 of the Dungeon
  3393 | D:5      | Reached skill level 5 in Armour
  3511 | D:5      | Reached XP level 8. HP: 49/51 MP: 8/8
  3565 | D:5      | Found a glowing golden altar of the Shining One.
  3587 | D:5      | Reached *** piety under Trog
  3845 | D:5      | Got an ancient buckler
  3851 | D:5      | Identified the cursed +0 buckler "Onampal" {MR- Str+6
                  | Dex+2} (You found it on level 5 of the Dungeon)
  4012 | D:5      | Reached skill level 5 in Axes
  4088 | D:6      | Found a transporter.
  4089 | D:6      | Found a transporter.
  4089 | D:6      | Identified the +9 great mace of Focus {crush, rF+ Int+3}
  4089 | D:6      | Noticed a two-headed ogre
  4089 | D:6      | Noticed wahemi82's ghost (amateur MiFi)
  4196 | D:6      | Found a staircase to the Ecumenical Temple.
  4212 | Temple   | Entered the Ecumenical Temple
  4284 | D:6      | Found Oczuozud's Book Shop.
  4315 | D:6      | Noticed Eustachio
  4336 | D:6      | Killed Eustachio
  4336 | D:6      | Reached skill level 1 in Shields
  4856 | D:6      | Slain by a two-headed ogre

Levels and vault maps discovered:
D:1:      dpeg_arrival_another_circle, layout_loops_corners,
          minmay_misc_feat_rugged, minmay_tetromino_s4
D:2:      layout_rooms, dk_noncrumbling_4
D:3:      layout_loops_corners, uniq_sigmund, uniq_grinder, uniq_terence,
          uniq_ijyb
D:4:      layout_cave_pods, first_ration, serial_shops,
          nicolae_shop_overgrown_old_shop, hangedman_decor_points
D:5:      layout_basic, tso_metal_star
D:6:      layout_loops_ring, minmay_temple_entry_butterflies,
          gammafunk_ghost_smash, serial_shops, shop, dk_rats_in_the_wall,
          uniq_eustachio
Temple:   compressed_dpeg_circular_temple

Skill      XL: |  1  2  3  4  5  6  7  8 |
---------------+-------------------------+-----
Axes           | 3 4 5 |  5.4
Dodging        | 2 3 4 |  4.5
Armour         | 3 4 5 6 |  6.0
Fighting       | 4 5 6 |  6.5
Shields        | 2 |  2.2

Action                   |  1- 3 |  4- 6 |  7- 9 || total
-------------------------+-------+-------+-------++-------
Melee: Hand axe          |   164 |    95 |   362 ||   621
Invok: Berserk           |       |     2 |     1 ||     3
       Trog's Hand       |       |     1 |       ||     1
  Eat: Chunk             |     1 |     6 |     9 ||    16
Armor: Plate armour      |   142 |    59 |   298 ||   499
Dodge: Dodged            |    68 |    25 |   171 ||   264
Block: Buckler           |       |       |    25 ||    25
